 Dungeon Crawl Stone Soup version 0.30-a0-782-ge64f9170bb (webtiles) character file.

Game seed: 2500375670019757875

1493 Essalna the Firebug (level 8, 0/52 HPs)
             Began as a Gargoyle Fire Elementalist on Feb 20, 2023.
             Was an Initiate of Vehumet.
             Slain by an orc warrior
             ... wielding a +0 war axe
              (9 damage)
             ... on level 6 of the Dungeon.
             The game lasted 00:12:10 (6017 turns).

Essalna the Firebug (Gargoyle Fire Elementalist)    Turns: 6017, Time: 00:12:11

Health: 0/52       AC:  9    Str: 11    XL:     8   Next: 81%
Magic:  1/11       EV: 12    Int: 19    God:    Vehumet [......]
Gold:   265        SH:  5    Dex: 16    Spells: 4/11 levels left

rFire   . . .      SeeInvis .    e - +0 dagger (spect)
rCold   . . .      Faith    .    (no shield)
rNeg    + . .      Spirit   .    a - +1 robe
rPois   ∞          Reflect  +    (no helmet)
rElec   +          Harm     .    (no cloak)
rCorr   .          Rampage  .    h - +0 pair of gloves
Will    +....                    (no boots)
Stlth   ++                       z - amulet of reflection
HPRegen 0.28/turn                n - ring of willpower
MPRegen 0.12/turn                A - +6 ring of dexterity

@: no status effects
A: sickness immunity, AC +5, negative energy resistance 1, electricity
resistance, torment resistance 1, petrification resistance
a: Renounce Religion


You were on level 6 of the Dungeon.
You worshipped Vehumet.
Vehumet was noncommittal.
You visited 1 branch of the dungeon, and saw 6 of its levels.
You also visited: Ossuary.

You collected 265 gold pieces.

Inventory:

Hand Weapons
 e - a +0 spectral dagger (weapon)
 B - a +0 whip of venom
Missiles
 E - 2 throwing nets
Armour
 a - a +1 robe (worn)
 h - a +0 pair of gloves (worn)
 G - a +2 kite shield
Jewellery
 m - a ring of flight
 n - a ring of willpower (left hand)
 x - an amulet of the acrobat
 z - an amulet of reflection (around neck)
 A - a +6 ring of dexterity (right hand)
Wands
 D - a wand of iceblast (8)
Scrolls
 f - 7 scrolls of identify
 i - a scroll of enchant armour
 j - 2 scrolls of fear {unknown}
 k - 8 scrolls of teleportation
 o - 2 scrolls of blinking {unknown}
 q - a scroll of fog
 u - a scroll of summoning {unknown}
 w - a scroll of magic mapping {unknown}
 y - 2 scrolls of torment {unknown}
 C - a scroll of vulnerability {unknown}
 F - a scroll of acquirement {unknown}
Potions
 b - a potion of magic
 c - 4 potions of haste
 d - 5 potions of mutation {unknown}
 g - 2 potions of heal wounds {unknown}
 l - a potion of resistance {unknown}
 p - a potion of might {unknown}
 r - a potion of attraction {unknown}
 s - 2 potions of brilliance {unknown}
 t - 4 potions of curing {unknown}
 v - a potion of flight {unknown}


   Skills:
 + Level 6.5 Fighting
 + Level 0.0 Armour
 + Level 1.5 Dodging
 + Level 2.1 Stealth
 - Level 2.0 Spellcasting
 + Level 6.7 Conjurations
 + Level 6.8 Fire Magic


You had 4 spell levels left.
You knew the following spells:

 Your Spells              Type           Power      Damage    Failure   Level
a - Foxfire               Conj/Fire      100%       2x1d9     1%          1
b - Scorch                Fire           54%        2d8       1%          2
c - Flame Wave            Conj/Fire      27%        2d9       11%         4

Your spell library contained the following spells:

 Spells                   Type           Power      Damage    Failure   Level
 Sandblast                Erth           2%         2d4       17%         1
 Inner Flame              Hex/Fire       14%        N/A       12%         3
 Apportation              Tloc           2%         N/A       17%         1
 Necrotise                Necr           4%         1d4       17%         1
 Summon Small Mammal      Summ           4%         N/A       17%         1
 Kindle Blastsparks       Fire/Tloc/Air  20%        2d11      21%         3
 Ozocubu's Armour         Ice            1%         N/A       45%         3
 Vampiric Draining        Necr           1%         2d6       45%         3
 Animate Dead             Necr           1%         N/A       86%         4
 Cause Fear               Hex            0%         N/A       86%         4
 Agony                    Necr           1%         N/A       99%         5
 Borgnjor's Vile Clutch   Necr/Erth      0%         N/A       99%         5
 Metabolic Englaciation   Hex/Ice        0%         N/A       99%         5
 Death Channel            Necr           0%         N/A       100%        6
 Simulacrum               Ice/Necr       0%         N/A       100%        6
 Dragon Form              Tmut           0%         N/A       100%        7
 Dragon's Call            Summ           0%         N/A       100%        9


Dungeon Overview and Level Annotations

Branches:
Dungeon (6/15)             Temple (0/1) D:5         Ossuary (visited)

Altars:
Elyvilon
Kikubaaqudgha
Nemelex Xobeh
Sif Muna
Vehumet
Xom
Yredelemnul

Shops:
D:2 ?

Portals:
Abyss: D:5

Annotations:
D:5 2 transporters, Arth's ghost, novice TrFi
D:6 Prince Ribbit


Innate Abilities, Weirdness & Mutations

You are immune to sickness and miasma.
Your stone body is resilient. (AC +5)
You are immune to poison.
You resist negative energy. (rN+)
You are resistant to electric shocks. (rElec)
You are resistant to unholy torment.
You are immune to petrification.


Message History

Confirm with . or Enter, or press ? or * to list all spells.
Flames lash the orc warrior.
The orc warrior is severely wounded.
The orc warrior's fire resistance burns away.
The orc warrior hits you with a +0 war axe!
Casting: Scorch (safe; 1% risk of failure)
Confirm with . or Enter, or press ? or * to list all spells.
Flames lash the orc.
You kill the orc!
Vehumet accepts your kill.
Prince Ribbit comes into view.
The orc warrior barely misses you.
Casting: Scorch (safe; 1% risk of failure)
Confirm with . or Enter, or press ? or * to list all spells.
Flames lash the orc warrior but do no damage.
The orc warrior hits you with a +0 war axe!
Casting: Scorch (safe; 1% risk of failure)
Confirm with . or Enter, or press ? or * to list all spells.
Flames lash the orc warrior.
The orc warrior is severely wounded.
Prince Ribbit blinks!
The orc warrior hits you with a +0 war axe.
* * * LOW HITPOINT WARNING * * *
Casting: Scorch (safe; 1% risk of failure)
Confirm with . or Enter, or press ? or * to list all spells.
Flames lash the orc warrior.
The orc warrior is burned terribly!
The orc warrior is severely wounded.
The orc warrior hits you with a +0 war axe.
* * * LOW HITPOINT WARNING * * *
Casting: Scorch (safe; 1% risk of failure)
Confirm with . or Enter, or press ? or * to list all spells.
You don't have enough magic to cast this spell.
Casting: Scorch (safe; 1% risk of failure)
Confirm with . or Enter, or press ? or * to list all spells.
You don't have enough magic to cast this spell.
You closely miss the orc warrior.
The orc warrior is severely wounded.
Your +0 spectral dagger hits the orc warrior.
The orc warrior hits you with a +0 war axe!
You die...

.. ..##
.#.####...
.........#
.........##
##
........#..
#......F
#..(..#
#..o@#
+...##)# ##
#.# #[[ ..#
..# ..#
#..#


You could see Prince Ribbit, an orc warrior (combustible) and a friendly +0
spectral dagger (summoned).

Vanquished Creatures
  Menkaure (Ossuary)
  A water moccasin (D:5)
  A black bear (D:4)
  An ogre (D:5)
  A phantom (D:4)
  2 gnoll sergeants (D:5)
  2 scorpions
  A troll zombie (Ossuary)
  A howler monkey (D:5)
  4 centaur zombies (Ossuary)
  A hound (D:5)
  2 orc priests (D:3)
  An iguana (D:5)
  An orc wizard (D:5)
  6 mummies (Ossuary)
  15 gnolls
  9 adders
  An adder zombie (Ossuary)
  4 worms
  2 dart slugs
  9 orcs
  9 bats
  7 endoplasms
  A giant cockroach (D:1)
  6 goblins
  6 hobgoblins
  13 jackals
  A quokka (D:2)
  3 ball pythons
  2 frilled lizards
  A gnoll zombie (Ossuary)
  4 goblin zombies (Ossuary)
  3 hobgoblin zombies (Ossuary)
  2 kobolds
  5 kobold zombies (Ossuary)
  2 orc zombies (Ossuary)
  3 quokka zombies (Ossuary)
  3 rats
  6 rat zombies (Ossuary)
  2 butterflies (D:5)
145 creatures vanquished.

Vanquished Creatures (others)
  426 foxfires
426 creatures vanquished.

Grand Total: 571 creatures vanquished

Notes
Turn   | Place    | Note
-------+----------+-------------------------------------------
     0 | D:1      | Essalna the Gargoyle Fire Elementalist began the quest for
                  | the Orb.
     0 | D:1      | Reached XP level 1. HP: 10/10 MP: 3/3
   210 | D:1      | Reached XP level 2. HP: 16/16 MP: 1/5
   307 | D:1      | Reached skill level 1 in Fighting
  1092 | D:2      | Reached XP level 3. HP: 20/20 MP: 1/6
  1095 | D:2      | Learned a level 2 spell: Scorch
  1142 | D:2      | Found Caingar's Magic Scroll Shoppe.
  1213 | D:2      | Found a faded altar of an unknown god.
  1655 | D:3      | Found a shimmering altar of Xom.
  1672 | D:3      | Reached XP level 4. HP: 24/26 MP: 7/7
  1755 | D:4      | Noticed a black bear
  1765 | D:4      | Killed a black bear
  1766 | D:4      | Reached XP level 5. HP: 22/32 MP: 8/8
  1782 | D:4      | Found a sand-covered staircase.
  1788 | Ossuary  | Entered an ossuary
  2015 | Ossuary  | Noticed Menkaure
  2031 | Ossuary  | Killed Menkaure
  2032 | Ossuary  | Reached XP level 6. HP: 25/38 MP: 6/9
  2229 | Ossuary  | Reached skill level 5 in Fire Magic
  2229 | Ossuary  | Reached XP level 7. HP: 18/43 MP: 3/10
  2879 | D:4      | Reached skill level 5 in Conjurations
  3270 | D:3      | Reached skill level 5 in Fighting
  3983 | D:4      | Found a radiant altar of Vehumet.
  3987 | D:4      | Found an ancient bone altar of Kikubaaqudgha.
  3988 | D:4      | Found a shimmering blue altar of Sif Muna.
  4021 | D:4      | Became a worshipper of Vehumet
  4316 | D:5      | Entered Level 5 of the Dungeon
  4326 | D:5      | Reached XP level 8. HP: 49/49 MP: 2/11
  4331 | D:5      | Learned a level 4 spell: Flame Wave
  5192 | D:5      | Found a one-way gate to the infinite horrors of the Abyss.
  5192 | D:5      | Noticed Arth's ghost (novice TrFi)
  5316 | D:5      | Reached * piety under Vehumet
  5316 | D:5      | Offered knowledge of Sandblast by Vehumet.
  5448 | D:5      | Found a staircase to the Ecumenical Temple.
  5452 | D:5      | Found a transporter.
  5669 | D:5      | Found a transporter.
  5713 | D:5      | Found a basalt altar of Yredelemnul.
  5715 | D:5      | Found a white marble altar of Elyvilon.
  5718 | D:5      | Found a sparkling altar of Nemelex Xobeh.
  6013 | D:6      | Noticed Prince Ribbit
  6017 | D:6      | Slain by an orc warrior

Illustrated notes

Levels and vault maps discovered:
D:1:      minmay_arrival_stone_box, layout_rooms, kennysheep_pointless_box
D:2:      layout_basic, chequers_ecumenical_altar_simple, serial_shops, shop
D:3:      layout_basic, mainiacjoe_overflow_boulevard
D:4:      layout_cave_pools, grunt_temple_overflow_magic_moments,
          nicolae_ossuary_entry_plus, lightli_corner_chamber
D:5:      layout_cave_pools, grunt_temple_overflow_diamond,
          minmay_temple_entry_butterflies, gammafunk_ghost_abyssal_escape,
          hangedman_glass_teeth
D:6:      layout_basic, okawaru_altar_gauntlet_db, grunt_gozag_statues,
          lemuel_doored_altar, uniq_prince_ribbit1

Skill      XL: |  1  2  3  4  5  6  7  8 |
---------------+-------------------------+-----
Fighting       | 1 2 3 4 5 6 |  6.5
Conjurations   | 2 3 4 5 6 |  6.7
Fire Magic     | 4 5 6 |  6.8
Dodging        | |  1.5
Stealth        | |  2.1
Spellcasting   | |  2.0

Action                     |  1- 3 |  4- 6 |  7- 9 || total
---------------------------+-------+-------+-------++-------
  Melee: Unarmed           |     1 |       |       ||     1
         Dagger            |    39 |    57 |   103 ||   199
         Punch             |     1 |       |     3 ||     4
   Cast: Foxfire           |    52 |    31 |   156 ||   239
         Scorch            |       |     3 |    14 ||    17
    Use: Scroll            |     2 |     7 |       ||     9
   Stab: Sleeping          |     3 |     2 |     9 ||    14
         Distracted        |       |     1 |     2 ||     3
 Armour: Robe              |     9 |    29 |    51 ||    89
  Dodge: Dodged            |    20 |    43 |   101 ||   164
  Block: Other             |       |       |    18 ||    18
         Reflection        |       |       |     1 ||     1

Table legend: (Time is in decaauts)
 A = Elapsed time spent in this place.
 B = Non-inter-level travel time spent in this place.
 C = Inter-level travel time spent in this place.
 D = Time resting spent in this place.
 E = Time spent auto-exploring this place.
 F = Levels seen in this place.
 G = Mean time per level.
                   A        B        C        D        E       F      G
               +--------+--------+--------+--------+--------+-----+--------+
         Total |   6019 |   5662 |    357 |    501 |   4121 |   7 |  859.9 |
       Dungeon |   5132 |   4775 |    357 |    501 |   3486 |   6 |  855.3 |
       Ossuary |    886 |    886 |      0 |      0 |    635 |   1 |  886.0 |
               +--------+--------+--------+--------+--------+-----+--------+

Top non-repeatable levels by time:
     D:4: 1456 daAuts
     D:5: 1170 daAuts
 Ossuary: 886 daAuts
     D:1: 848 daAuts
     D:3: 844 daAuts
     D:2: 796 daAuts
     D:6: 16 daAuts
